Map: 普列昂台地

Players

Rose (Python)

  • Race: Zerg Zerg
  • League: Grandmaster

YouRush (JoJo) - Winner!

  • Race: Zerg Zerg
  • League: Master

Event: 2016 WCS Winter Challenger Taiwan

VOD

Have the link to the VOD?

Description

Time

  • Played on: Jan. 14, 2016, 6 a.m.
  • Length: 10:36

All games in this series

Show
View Real Time Build Order
Export as new Build Order

Rose Zerg 

Build Orders: Pool First 

Get SALT Encoding   

  12  0:00  Drone  
  13  0:08  Drone  
  14  0:22  Extractor  
  13  0:28  Spawning Pool  
  13  0:31  Drone  
  13  0:35  Drone  
  14  0:44  Overlord  
  14  1:02  Drone x2  
  16  1:15  Zergling x4  
  16  1:16  Queen  
  20  1:24  Metabolic Boost  
  20  1:28  Drone  
  21  1:52  Drone  
  22  1:56  Hatchery  
  21  2:02  Overlord  
  21  2:17  Drone  
  21  2:20  Baneling Nest  
  21  2:26  Drone  
  21  2:29  Drone  
  23  2:36  Queen  
  25  2:48  Zergling x6  
  27  2:58  Zergling x2  
  28  3:07  Overlord  
  28  3:08  Zergling x4  
  30  3:15  Baneling x2  
  30  3:22  Overlord  
  30  3:23  Drone  
  31  3:34  Drone x2  
  33  3:39  Drone x2  
  35  3:46  Drone x4  
  38  3:55  Drone  
  39  3:58  Roach Warren  
  38  4:08  Extractor  
  37  4:12  Drone  
  37  4:13  Drone x2  
  37  4:14  Zergling x6  
  37  4:15  Baneling  
  37  4:16  Baneling x2  
  43  4:25  Zergling x4  
  26  4:47  Roach x5  
  32  4:59  Roach  
  35  5:00  Roach x3  
  35  5:02  Roach  
  39  5:15  Zergling x4  
  41  5:24  Zergling x4  
  41  5:26  Queen  
  45  5:30  Zergling x2  
  45  5:32  Zergling x2  
  47  5:39  Zergling x4  
  49  5:46  Baneling  
  49  5:48  Baneling  
  49  5:52  Zergling x6  
  49  5:56  Baneling x2  
  52  6:03  Overlord, Baneling x2  
  50  6:16  Zergling x10  
  49  6:25  Drone x2  
  41  6:32  Drone x2  
  34  6:40  Drone  
  34  6:45  Baneling x4  
  33  6:48  Drone  
  34  6:59  Drone x2  
  34  7:10  Drone x2  
  36  7:18  Drone x2  
  36  7:20  Lair  
  36  7:21  Drone x2  
  40  7:23  Hatchery  
  39  7:31  Drone  
  39  7:32  Drone x2  
  41  7:37  Extractor, Evolution Chamber  
  41  7:41  Drone x2  
  41  7:43  Drone  
  42  7:45  Drone  
  43  7:54  Roach x4  
  43  7:56  Roach  
  52  8:00  Roach x2  
  52  8:04  Roach  
  57  8:09  Zerg Missile Weapons Level 1  
  57  8:13  Roach  
  57  8:15  Overlord  
  58  8:23  Extractor  
  57  8:27  Glial Reconstitution  
  57  8:30  Ravager  
  58  8:38  Overlord  
  58  8:39  Drone  
  59  8:42  Roach x2  
  59  8:43  Zergling x2, Roach x2  
  59  8:44  Zergling x4  
  70  8:53  Ravager  
  70  8:54  Roach  
  70  8:55  Zergling x2  
  74  8:56  Overlord x2  
  74  9:02  Roach x3  
  80  9:03  Zergling x2  
  80  9:07  Zergling x2  
  80  9:08  Overlord  
  82  9:15  Overlord  
  82  9:25  Drone x7  
  88  9:33  Drone  
  88  9:34  Ravager x2  
  88  9:36  Ravager x2  
  93  9:43  Overlord  
  93  9:47  Queen  
  93  9:49  Roach x2  
  93  9:51  Ravager x2  
  101  9:56  Ravager  
  101  9:57  Zergling x2, Roach  
  101  9:58  Zergling x2  
  103  10:04  Zergling x2, Roach x2  
  107  10:10  Zergling x2, Roach x2  
  109  10:16  Zergling x2, Roach x2  
Show
View Real Time Build Order
Export as new Build Order

YouRush Zerg - Winner!

Build Orders: Pool First 

Get SALT Encoding   

  12  0:00  Drone  
  13  0:09  Drone  
  14  0:20  Overlord  
  14  0:39  Drone x3  
  17  0:54  Spawning Pool  
  16  0:57  Drone  
  16  1:03  Drone  
  16  1:04  Extractor  
  17  1:14  Drone  
  18  1:22  Drone  
  19  1:41  Zergling x2, Queen  
  19  1:45  Hatchery  
  21  1:49  Overlord  
  21  1:55  Spine Crawler  
  21  1:58  Zergling x2  
  21  2:05  Metabolic Boost  
  21  2:09  Zergling x2  
  23  2:21  Queen  
  23  2:22  Spine Crawler  
  24  2:32  Baneling Nest  
  24  2:44  Drone x3  
  25  3:00  Zergling x4  
  25  3:01  Zergling x4  
  29  3:06  Zergling x2  
  29  3:12  Zergling x2  
  31  3:16  Baneling  
  31  3:17  Baneling  
  31  3:18  Baneling  
  31  3:24  Zergling x2  
  31  3:25  Zergling x2  
  33  3:37  Zergling x2  
  33  3:38  Overlord, Zergling x4  
  36  3:45  Baneling x2  
  35  3:51  Overlord  
  35  4:02  Overlord  
  35  4:04  Drone x3  
  35  4:08  Drone x2  
  35  4:09  Drone  
  41  4:14  Baneling x2  
  41  4:27  Drone  
  41  4:28  Drone x2  
  42  4:38  Drone  
  40  4:41  Drone x3  
  40  4:42  Drone  
  40  4:43  Drone  
  40  4:44  Drone  
  43  4:52  Drone  
  43  4:59  Roach Warren  
  39  5:01  Zergling x4, Extractor  
  39  5:03  Zergling x2  
  41  5:12  Zergling x2  
  41  5:13  Zergling x6  
  45  5:16  Drone  
  45  5:17  Drone x2  
  45  5:20  Extractor  
  47  5:25  Lair  
  47  5:32  Overlord  
  47  5:34  Overlord  
  47  5:39  Drone, Roach x2  
  51  5:43  Zergling x2, Roach x2  
  51  5:44  Zergling x4  
  51  5:46  Zergling x2  
  59  5:51  Zergling x2  
  59  5:55  Baneling x2  
  60  5:58  Baneling  
  58  6:15  Zergling x18  
  63  6:22  Roach x2  
  55  6:29  Zergling x2  
  55  6:30  Zergling x2  
  54  6:40  Roach x4  
  63  6:47  Roach  
  63  6:53  Drone x2  
  65  7:05  Hatchery  
  59  7:11  Drone x3, Glial Reconstitution  
  59  7:12  Drone x3  
  59  7:15  Extractor  
  63  7:18  Drone  
  63  7:20  Drone  
  65  7:25  Drone x2  
  67  7:33  Overlord  
  67  7:34  Overlord  
  64  7:41  Roach x3  
  64  7:42  Roach x2  
  74  7:47  Roach  
  74  7:49  Overlord  
  76  8:00  Roach x2  
  78  8:08  Ravager x3  
  81  8:13  Roach  
  81  8:14  Roach x3  
  89  8:21  Roach x2  
  93  8:30  Queen  
  95  8:36  Roach x3  
  103  8:41  Roach x2  
  103  8:46  Drone  
  103  8:47  Overlord x5  
  106  8:49  Hatchery  
  106  8:52  Overlord  
  105  9:06  Evolution Chamber  
  104  9:10  Drone  
  104  9:11  Drone x2  
  104  9:15  Extractor  
  104  9:16  Overseer  
  106  9:23  Ravager x5  
  111  9:40  Roach  
  111  9:41  Zergling x10, Roach x2  
  111  9:42  Zergling x8  
  126  9:49  Drone x6  
  126  9:50  Drone  
  133  9:56  Roach  
  131  10:15  Roach x10  
Tags
 
Add a new tag
Caveats
  • Supply blocks, unpowered buildings, or Contaminate may cause inaccurate times.
  • Supply counts are checked every 10 seconds.